 Dungeon Crawl Stone Soup version 0.17.0-55-g1383181 (webtiles) character file.

80 PossumBlood the Magician (level 4, -1/24 HPs)
             Began as a Deep Elf Wizard on Dec 4, 2015.
             Was an Initiate of Sif Muna.
             Slain by Edmund
             ... wielding a +0 dire flail
              (10 damage)
             ... on level 4 of the Dungeon.
             The game lasted 00:12:21 (2570 turns).

PossumBlood the Magician (Deep Elf Wizard)          Turns: 2570, Time: 00:12:22

Health: -1/24      AC:  2    Str:  4    XL:     4   Next: 18%
Magic:  1/13       EV: 15    Int: 24    God:    Sif Muna [......]
Gold:   141        SH:  0    Dex: 13    Spells: 4 memorised, 6 levels left

rFire  . . .     SeeInvis .     k - +1 short sword
rCold  . . .     Clarity  .     a - +0 robe
rNeg   . . .     SustAt   .     (no shield)
rPois  .         Gourm    .     b - +0 hat
rElec  .         Spirit   .     (no cloak)
rCorr  .         Warding  .     (no gloves)
rMut   .         Stasis   .     (no boots)
MR     .....                    (no amulet)
Stlth  ++........               (no ring)
                                f - +3 ring of evasion

@: not resistant to hostile enchantments, unstealthy
A: no striking features
a: Renounce Religion


You were on level 4 of the Dungeon.
You worshipped Sif Muna.
Sif Muna was noncommittal.
You were not hungry.

You visited 1 branch of the dungeon, and saw 4 of its levels.

You collected 141 gold pieces.

Inventory:

Hand Weapons
 k - a +1 short sword (weapon)
Armour
 a - a +0 robe (worn)
 b - a +0 hat (worn)
Jewellery
 f - a +3 ring of evasion (left hand)
Scrolls
 e - a scroll of teleportation
 h - 2 scrolls of fear
 j - 2 scrolls of remove curse
 m - 2 scrolls of identify
 n - 2 scrolls of amnesia
Potions
 g - 2 potions of heal wounds {unknown}
 i - 3 potions of curing
 l - a potion of brilliance {unknown}
 o - a potion of invisibility {unknown}
 q - a potion of lignification {unknown}
 r - 2 potions of flight {unknown}
 u - a potion of mutation {unknown}
Books
 c - a book of Minor Magic

   Spells                             Type                      Level
   a - Magic Dart                     Conjuration                  1
   b - Blink                          Translocation                2
   c - Call Imp                       Summoning                    2
   d - Repel Missiles                 Charms/Air                   2
   e - Slow                           Hexes                        2
   f - Conjure Flame                  Conjuration/Fire             3
   g - Mephitic Cloud                 Conjuration/Poison/Air       3
 t - a book of Frost

   Spells                             Type                      Level
   a - Freeze                         Ice                          1
   b - Throw Frost                    Conjuration/Ice              2
   c - Ozocubu's Armour               Charms/Ice                   3
   d - Throw Icicle                   Conjuration/Ice              4
   e - Summon Ice Beast               Ice/Summoning                4
   f - Condensation Shield            Ice                          4
Miscellaneous
 v - a plain deck of changes
Comestibles
 d - 2 bread rations
 p - a meat ration
 w - a fruit


   Skills:
 - Level 2.4 Dodging
 - Level 2.4 Stealth
 + Level 5.7 Spellcasting
 + Level 3.2 Conjurations
   Level 1.1 Summonings
 - Level 1.1 Translocations


You had 6 spell levels left.
You knew the following spells:

 Your Spells              Type           Power        Failure   Level  Hunger
a - Magic Dart            Conj           ###.         1%          1    None
b - Blink                 Tloc           N/A          10%         2    None
c - Slow                  Hex            #.......     14%         2    None
d - Mephitic Cloud        Conj/Pois/Air  ##......     17%         3    #......


Dungeon Overview and Level Annotations

Branches:
Dungeon (4/15)
 Temple: D:4-7

Altars:
Ashenzari
Cheibriados
Dithmenos
Nemelex Xobeh
Sif Muna

Annotations:
D:4 Edmund


Message History

Casting: Magic Dart
Confirm with . or Enter, or press ? or * to list all spells.
Aiming: Magic Dart
Press: ? - help, Shift-Dir - straight line, f/p - Edmund
Aim: Edmund, wielding a dire flail and wearing a ring mail (moderately wounded, slow)
The magic dart hits Edmund.
Edmund is heavily wounded.
Edmund is no longer moving slowly.
The iguana bites you. Edmund closely misses you.
Casting: Magic Dart
Confirm with . or Enter, or press ? or * to list all spells.
Aiming: Magic Dart
Press: ? - help, Shift-Dir - straight line, f/p - Edmund
Aim: Edmund, wielding a dire flail and wearing a ring mail (heavily wounded)
The magic dart hits Edmund.
Edmund is heavily wounded.
The iguana closely misses you.
An orc comes into view. It is wielding a flail.
Edmund hits you with a dire flail!
You die...

[# .# ###### .#
..o(..##.######
...............
#####.#.###
#......l..#
#.###.o@#.#
####.@#.######.#
#........#........
#.####..#.######.#
#. #..#(# #.
#..#.# #. #..#.#
#.### ...#.#
#.###.... ##.##.#
#.....^.. #.#
#####...#


You could see Edmund, an iguana and an orc.

Vanquished Creatures
  2 adders
  3 oozes
  A worm (D:3)
  2 giant geckos (D:1)
  An orc (D:3)
  2 ball pythons
  7 bats
  2 giant cockroaches
  7 goblins
  3 hobgoblins
  8 kobolds
  2 quokkas (D:2)
  3 giant newts
  5 rats
48 creatures vanquished.

Notes
Turn   | Place    | Note
--------------------------------------------------------------
     0 | D:1      | PossumBlood the Deep Elf Wizard began the quest for the Orb.
     0 | D:1      | Reached XP level 1. HP: 10/10 MP: 7/7
   254 | D:1      | Reached XP level 2. HP: 15/15 MP: 6/9
   265 | D:1      | Learned a level 2 spell: Blink
   268 | D:1      | Learned a level 2 spell: Slow
   404 | D:1      | Reached skill level 5 in Spellcasting
   878 | D:2      | Found a snail-covered altar of Cheibriados.
   971 | D:2      | Reached XP level 3. HP: 19/19 MP: 6/11
   977 | D:2      | Found a shattered altar of Ashenzari.
  1287 | D:2      | Learned a level 3 spell: Mephitic Cloud
  1407 | D:2      | Found a sparkling altar of Nemelex Xobeh.
  1555 | D:3      | Found a faded altar to an unknown god.
  1667 | D:3      | Found a sparkling altar of Nemelex Xobeh.
  1826 | D:3      | Found a shadowy altar of Dithmenos.
  2021 | D:3      | Found a deep blue altar of Sif Muna.
  2105 | D:3      | Became a worshipper of Sif Muna the Loreminder
  2369 | D:4      | Noticed a phantom
  2380 | D:4      | Reached XP level 4. HP: 24/24 MP: 5/13
  2557 | D:4      | Noticed Edmund
  2570 | D:4      | Slain by Edmund

Action                   |  1- 3 |  4- 6 || total
-------------------------+-------+-------++-------
 Cast: Magic Dart        |   106 |    14 ||   120
       Blink             |     1 |       ||     1
       Slow              |       |     1 ||     1
       Mephitic Cloud    |       |     1 ||     1
  Use: Scroll            |    10 |       ||    10
  Eat: Bread ration      |     1 |       ||     1
